Map: [ESL] Moondance

Players

Lemon

  • Race: Terran Terran
  • Spawn Location: 6:00

Has - Winner!

  • Race: Protoss Protoss
  • Spawn Location: 12:00

Event: DreamHack SC2 Masters 2022 Atlanta (Online)

VOD

Have the link to the VOD?

Description

Time

  • Played on: Sept. 28, 2022, 9:12 a.m.
  • Length: 12:41

All games in this series

Show
View Real Time Build Order
Export as new Build Order

Lemon Terran 

Build Orders:  

Get SALT Encoding   

  12  0:00  SCV  
  13  0:12  SCV  
  14  0:16  Supply Depot  
  14  0:24  SCV  
  15  0:38  SCV  
  15  0:39  Barracks  
  16  0:42  Refinery  
  16  0:50  SCV  
  16  0:52  Refinery  
  17  1:02  SCV  
  18  1:14  SCV  
  19  1:24  Supply Depot  
  19  1:26  Reaper  
  19  1:27  Orbital Command  
  20  1:41  Factory  
  20  1:52  SCV  
  21  1:58  Reaper  
  22  2:04  SCV  
  23  2:16  Command Center  
  23  2:18  SCV  
  24  2:26  Hellion  
  26  2:30  SCV  
  26  2:36  Barracks Reactor  
  27  2:41  Starport  
  27  2:43  SCV  
  28  2:47  Widow Mine  
  30  2:51  Supply Depot  
  30  2:55  SCV  
  31  3:12  Marine x2  
  31  3:13  SCV, Widow Mine  
  34  3:24  Medivac  
  34  3:26  SCV  
  35  3:29  Orbital Command  
  35  3:31  Bunker  
  35  3:32  Marine x2  
  37  3:38  SCV, Factory Tech Lab  
  38  3:48  Supply Depot  
  38  3:49  Marine x2  
  38  3:50  SCV  
  41  4:02  SCV  
  42  4:03  SCV  
  42  4:07  Factory Tech Lab  
  42  4:08  Raven  
  45  4:12  Barracks  
  45  4:13  Marine x2  
  45  4:14  SCV  
  45  4:15  SCV  
  49  4:20  Refinery  
  49  4:26  SCV  
  49  4:30  Marine  
  49  4:31  Marine  
  52  4:40  SCV, Siege Tank  
  52  4:41  SCV  
  52  4:42  Supply Depot  
  55  4:48  Engineering Bay, Marine x2  
  57  4:53  SCV  
  57  4:57  Supply Depot  
  56  5:00  Barracks  
  56  5:01  SCV  
  56  5:05  SCV  
  56  5:06  Stimpack, Marine  
  59  5:09  Supply Depot, Marine  
  59  5:10  Marine  
  59  5:12  Siege Tank  
  59  5:14  SCV  
  65  5:17  Terran Infantry Weapons Level 1  
  65  5:20  SCV  
  66  5:27  Marine  
  66  5:28  Starport Reactor  
  67  5:34  Refinery  
  67  5:37  Supply Depot  
  67  5:38  Marine x2  
  67  5:39  SCV  
  70  5:44  Supply Depot  
  70  5:46  SCV  
  71  5:53  Marauder  
  71  5:55  Combat Shield  
  73  5:57  Factory Reactor  
  73  6:05  Marine  
  73  6:06  Supply Depot, SCV x2, Marauder  
  78  6:17  Supply Depot  
  78  6:18  Medivac x2, Marine  
  83  6:19  SCV x2  
  83  6:20  Supply Depot  
  83  6:23  Marine  
  86  6:28  Marauder  
  86  6:38  Widow Mine x2, Marauder, Marine  
  93  6:45  SCV x2  
  95  6:47  Marine  
  95  6:48  Command Center, Medivac  
  95  6:49  Medivac  
  100  6:54  Supply Depot  
  99  7:02  Marauder, Marine  
  99  7:03  Widow Mine, Marauder  
  99  7:04  Widow Mine  
  108  7:14  Barracks  
  108  7:18  Barracks  
  108  7:19  Terran Infantry Armor Level 1  
  108  7:21  SCV x2  
  110  7:27  Armory, Marauder  
  114  7:30  Marauder  
  114  7:33  Marine x2  
  114  7:34  Widow Mine  
  118  7:44  Supply Depot  
  118  7:49  Supply Depot  
  118  7:56  Engineering Bay  
  118  8:00  SCV x2, Medivac, Widow Mine  
  118  8:02  Missile Turret  
  118  8:04  Barracks Tech Lab, Marauder x2  
  118  8:05  Barracks Reactor  
  128  8:08  Orbital Command  
  128  8:11  Marine x2  
  128  8:12  SCV  
  131  8:15  SCV  
  131  8:19  Supply Depot  
  132  8:21  Medivac  
  132  8:24  SCV  
  135  8:27  SCV  
  135  8:28  Marauder x2  
  140  8:36  SCV  
  140  8:39  Marauder, Marine x2  
  140  8:40  Widow Mine x2  
  140  8:41  SCV x2  
  149  8:48  Refinery  
  147  8:49  Terran Infantry Weapons Level 2  
  147  8:52  Ghost Academy  
  147  8:56  Marauder x2, Marine  
  147  8:57  Marine  
  147  8:58  Marine  
  152  9:10  Marauder, Marine  
  152  9:11  Widow Mine  
  152  9:15  Supply Depot  
  152  9:17  Widow Mine  
  157  9:18  Medivac x2  
  157  9:19  SCV x2  
  157  9:23  Marauder x2  
  165  9:27  Marine  
  165  9:28  Marine  
  141  9:45  Marauder, Marine x3  
  136  9:46  Marauder x2  
  134  9:53  Marine  
  134  9:54  SCV x2  
  137  10:03  Viking x2  
  137  10:07  Marauder  
  137  10:08  Starport  
  137  10:09  Command Center  
  137  10:14  Ghost x2  
  137  10:15  Marine x2  
  141  10:24  Marine x2  
  143  10:34  Ghost  
  144  10:35  Marine  
  135  10:42  Ghost  
  135  10:44  Ghost  
  135  10:45  Marine x3  
  135  10:46  Viking  
  144  10:52  Viking  
  144  10:54  Viking  
  147  10:59  Enhanced Shockwaves  
  147  11:03  Viking  
  147  11:04  Marine  
  150  11:08  Ghost  
  150  11:09  Marine x2  
  150  11:11  Marine  
  154  11:24  Marine, Ghost  
  150  11:39  Marine x3, Ghost  
  127  11:47  Marine  
  127  11:52  Ghost  
  112  11:56  Liberator x2  
  112  11:57  Medivac  
  112  11:58  Marine x3  
  112  11:59  Marauder  
  125  12:14  Barracks  
  121  12:18  Command Center  
  121  12:19  Marine  
  121  12:20  Marine x3  
Show
View Real Time Build Order
Export as new Build Order

Has Protoss - Winner!

Build Orders: 1 Gate Expand, Blink Stalkers 

Get SALT Encoding   

  12  0:00  Probe  
  13  0:12  Probe  
  14  0:17  Pylon  
  14  0:24  Probe (Chrono Boost)  
  16  0:35  Gateway  
  16  0:37  Probe (Chrono Boost)  
  16  0:42  Probe (Chrono Boost)  
  16  0:49  Assimilator  
  17  0:51  Probe  
  18  1:04  Probe  
  19  1:16  Probe  
  20  1:22  Nexus  
  20  1:32  Cybernetics Core  
  20  1:34  Probe  
  21  1:42  Assimilator  
  21  1:46  Probe  
  22  1:49  Pylon  
  22  1:58  Probe  
  23  2:05  Stalker (Chrono Boost)  
  24  2:09  Warp Gate  
  24  2:11  Probe (Chrono Boost)  
  25  2:20  Probe (Chrono Boost)  
  26  2:25  Probe (Chrono Boost)  
  26  2:26  Twilight Council  
  27  2:34  Stalker  
  27  2:36  Probe (Chrono Boost)  
  30  2:41  Probe (Chrono Boost)  
  31  2:48  Probe (Chrono Boost)  
  33  2:52  Probe (Chrono Boost)  
  33  2:53  Gateway, Probe (Chrono Boost)  
  34  3:01  Probe  
  34  3:04  Blink  
  34  3:05  Probe  
  36  3:13  Probe  
  36  3:17  Probe  
  34  3:29  Probe x2 (Chrono Boost)  
  35  3:39  Probe (Chrono Boost)  
  37  3:41  Probe (Chrono Boost)  
  37  3:48  Probe (Chrono Boost)  
  38  3:50  Probe (Chrono Boost)  
  38  3:52  Nexus  
  39  3:56  Probe (Chrono Boost)  
  39  3:58  Probe (Chrono Boost)  
  41  4:02  Pylon  
  41  4:03  Stalker x2  
  41  4:04  Probe  
  46  4:18  Gateway  
  46  4:19  Gateway  
  46  4:20  Probe  
  48  4:24  Probe, Pylon  
  48  4:36  Stalker  
  50  4:45  Probe  
  49  4:51  Probe  
  50  4:57  Probe  
  50  5:05  Forge  
  50  5:06  Forge  
  51  5:07  Probe (Chrono Boost)  
  51  5:10  Probe x2 (Chrono Boost)  
  53  5:17  Sentry  
  53  5:18  Charge, Probe (Chrono Boost)  
  53  5:20  Probe x2 (Chrono Boost)  
  58  5:23  Probe (Chrono Boost)  
  58  5:25  Probe (Chrono Boost)  
  58  5:26  Probe  
  58  5:27  Pylon  
  61  5:33  Probe  
  62  5:36  Probe  
  62  5:38  Probe  
  62  5:44  Stalker x2  
  62  5:45  Probe  
  62  5:48  Probe  
  67  5:52  Probe  
  67  5:55  Protoss Ground Weapons Level 1 (Chrono Boost)  
  67  5:56  Protoss Ground Armor Level 1 (Chrono Boost)  
  66  5:57  Probe  
  66  6:00  Probe  
  66  6:05  Robotics Facility  
  66  6:12  Shield Battery, Pylon  
  66  6:13  Probe  
  66  6:17  Probe  
  68  6:21  Stalker x3  
  68  6:22  Stalker  
  76  6:35  Probe x2  
  77  6:43  Gateway  
  77  6:44  Gateway  
  77  6:47  Gateway x2  
  77  6:48  Pylon  
  77  6:50  Probe x2  
  77  6:53  Pylon  
  79  6:56  Warp Prism (Chrono Boost)  
  79  6:57  Robotics Bay  
  81  7:06  Zealot x4  
  89  7:10  Pylon  
  89  7:15  Pylon  
  89  7:19  Probe x2  
  89  7:22  Pylon  
  92  7:25  Observer (Chrono Boost)  
  92  7:28  Zealot x2  
  92  7:29  Zealot x2  
  100  7:33  Probe x3  
  100  7:34  Pylon  
  100  7:36  Pylon  
  103  7:42  Nexus  
  103  7:44  Pylon  
  103  7:51  Colossus (Chrono Boost), Probe  
  109  7:52  Probe  
  109  7:53  Probe  
  112  7:59  Zealot x4  
  112  8:03  Probe  
  112  8:04  Probe  
  122  8:08  Probe  
  123  8:14  Protoss Ground Weapons Level 2 (Chrono Boost)  
  123  8:21  Probe x2  
  123  8:22  Probe  
  126  8:30  Zealot x8  
  126  8:34  Observer (Chrono Boost), Photon Cannon  
  139  8:37  Pylon  
  139  8:39  Probe  
  140  8:42  Photon Cannon  
  139  8:48  Photon Cannon  
  139  8:49  Probe  
  139  8:50  Probe  
  139  8:53  Zealot x2  
  143  9:09  Colossus (Chrono Boost)  
  148  9:20  Zealot x8  
  158  9:25  Pylon  
  158  9:26  Pylon  
  119  9:43  Zealot x6  
  119  9:44  Zealot x2  
  127  9:50  Observer  
  125  9:56  Observer (Chrono Boost)  
  125  9:58  Gateway  
  125  9:59  Gateway  
  126  10:04  Zealot x2  
  126  10:05  Zealot x6  
  141  10:13  Pylon  
  141  10:15  Colossus (Chrono Boost)  
  147  10:26  Zealot x8  
  163  10:35  Gateway  
  163  10:37  Gateway  
  163  10:48  Zealot x8  
  179  10:51  Pylon  
  179  10:52  Pylon  
  179  10:55  Stalker x2  
  183  11:14  Nexus  
  177  11:20  Stalker  
  177  11:21  Stalker x4  
  177  11:22  Zealot x4  
  153  11:41  Zealot x3  
  139  11:53  Warp Prism (Chrono Boost)  
  139  11:54  Zealot x9  
  121  11:57  Probe  
  121  11:58  Probe x3  
  143  12:02  Pylon  
  143  12:03  Zealot x3  
  149  12:10  Probe  
  149  12:14  Probe  
Tags
 
Add a new tag
Caveats
  • Supply blocks, unpowered buildings, or Contaminate may cause inaccurate times.
  • Supply counts are checked every 10 seconds.